 Dungeon Crawl Stone Soup version 0.21-a0-331-gfb491b4 (webtiles) character file.

55 Glaeka the Cudgeler (level 3, 0/33 HPs)
             Began as a Minotaur Berserker on Oct 3, 2017.
             Was a Believer of Trog.
             Slain by a goblin (5 damage)
             ... led by Robin
             ... on level 2 of the Dungeon.
             The game lasted 00:04:13 (549 turns).

Glaeka the Cudgeler (Minotaur Berserker)             Turns: 549, Time: 00:04:15

Health: 0/33       AC:  4    Str: 22    XL:     3   Next: 67%
Magic:  2/2        EV: 12    Int:  4    God:    Trog [**....]
Gold:   69         SH:  0    Dex:  9    Spells: 2/2 levels left

rFire    . . .     SeeInvis .   a - +0 mace
rCold    . . .     Gourm    .   (no shield)
rNeg     . . .     Faith    .   h - +1 leather armour {MR+}
rPois    .         Spirit   .   (helmet restricted)
rElec    .         Reflect  .   (no cloak)
rCorr    .         Harm     .   (no gloves)
MR       +....                  (no boots)
Stlth    +.........             (no amulet)
HPRegen  0.11/turn              (no ring)
MPRegen  0.08/turn              (no ring)

@: lethally poisoned (0 -> -3), berserk cooldown, slowed, very slow
A: retaliatory headbutt, horns 2
a: Berserk, Trog's Hand, Burn Spellbooks, Renounce Religion


You were on level 2 of the Dungeon.
You worshipped Trog.
Trog was pleased with you.
You were not hungry.

You visited 1 branch of the dungeon, and saw 2 of its levels.

You collected 69 gold pieces.

Inventory:

Hand Weapons
 a - a +0 mace (weapon)
Armour
 h - a +1 leather armour of magic resistance (worn)
Scrolls
 b - a scroll of noise {unknown}
 d - a scroll of teleportation {unknown}
 f - a scroll of remove curse {unknown}
 g - a scroll of identify {unknown}
 i - a scroll of enchant armour {unknown}
 j - 3 scrolls of magic mapping {unknown}
Potions
 e - a potion of agility {unknown}
Comestibles
 c - a bread ration


   Skills:
 + Level 4.3 Fighting
 * Level 5.1 Maces & Flails
 + Level 2.6 Armour
 - Level 2.1 Dodging


You had 2 spell levels left.
You didn't know any spells.

Dungeon Overview and Level Annotations

Branches:
Dungeon (2/15)

Altars:

Annotations:
D:2 Robin


Innate Abilities, Weirdness & Mutations

You reflexively headbutt those who attack you in melee.
You have a pair of horns on your head.


Message History

The goblin barely misses you.
You hit the hobgoblin. You headbutt the hobgoblin.
You kill the hobgoblin!
Trog accepts your kill.
You are no longer berserk.
You are exhausted.
You feel yourself slow down. The goblin hits you but does no damage.
You hit the goblin but do no damage.
You feel sick. The goblin hits you with a club. The goblin barely misses you.
You furiously retaliate!
You headbutt the goblin. The goblin misses you. You furiously retaliate!
You headbutt the goblin.
You kill the goblin!
Trog accepts your kill.
You barely miss the goblin.
The goblin is almost dead.
You feel sick. Robin completely misses you.
The goblin hits you but does no damage. Robin hits you from afar with a spear.
* * * LOW HITPOINT WARNING * * *
The goblin hits you.
You die...

#..........#
#..........#
##..........#
#...........#
###.(.........#
##.............# #
#..#...........# ##.
#.........g))###...
...###†##......)@)g....#
#....##.#.##########.#
#.<.....#...
....#########.. ....
#... ..## .<# .. .. .


You could see Robin and a goblin.

Vanquished Creatures
  2 gnolls
  A worm (D:2)
  A leopard gecko (D:1)
  11 goblins
  7 hobgoblins
  2 bats (D:1)
  2 frilled lizards
  2 kobolds (D:1)
  3 rats
31 creatures vanquished.

Notes
Turn   | Place    | Note
-------+----------+-------------------------------------------
     0 | D:1      | Glaeka the Minotaur Berserker began the quest for the Orb.
     0 | D:1      | Reached XP level 1. HP: 19/19 MP: 0/0
    75 | D:1      | Reached skill level 4 in Maces & Flails
   150 | D:1      | Reached XP level 2. HP: 27/27 MP: 1/1
   446 | D:1      | Reached XP level 3. HP: 33/33 MP: 2/2
   536 | D:2      | Reached ** piety under Trog
   536 | D:2      | Reached skill level 5 in Maces & Flails
   538 | D:2      | Noticed Robin
   549 | D:2      | Slain by a goblin

Vault maps used:
D:1:      dpeg_arrival_shelter
D:2:      kiku_gazebo_pond_becter, lemuel_blue_sif_altar, uniq_robin

Skill      XL: |  1  2  3 |
---------------+----------+-----
Maces & Flails | 4 5 |  5.1
Fighting       | 4 |  4.3
Armour         | |  2.6
Dodging        | |  2.1

Action                   || total
-------------------------++-------
Melee: Mace              ||    60
       Headbutt          ||    10
Invok: Berserk           ||     1
Armor: Leather armour    ||    12
Dodge: Dodged            ||    27

Table legend:
 A = Spawn XP
 B = Non-spawn XP
 C = Spawn XP percentage of total XP
 D = Spawn monster count
 E = Non-spawn monster count
 F = Spawn count percentage of total count
 G = Total turns spent on level
                    A         B        C        D         E        F      G
               +---------+---------+-------+---------+---------+-------+---------
         Total |       0 |      79 |   0.0 |       0 |      31 |   0.0 |   549
               +---------+---------+-------+---------+---------+-------+---------
           D:1 |       0 |      41 |   0.0 |       0 |      17 |   0.0 |   501
           D:2 |       0 |      38 |   0.0 |       0 |      14 |   0.0 |    48
               +---------+---------+-------+---------+---------+-------+---------
